 Dungeon Crawl Stone Soup version 0.30.0-15-g856e2d3f33 (webtiles) character file.

Game seed: 8052067669948914589

1431 sasquatch the Cleaver (level 9, -5/57 (65) HPs)
             Began as a Formicid Reaver on May 20, 2023.
             Was a Priest of Uskayaw.
             Shot with a sling bullet by Joseph (7 damage)
             ... on level 7 of the Dungeon.
             The game lasted 00:09:19 (5383 turns).

sasquatch the Cleaver (Formicid Reaver)             Turns: 5383, Time: 00:09:19

HP:   -5/57 (65)    AC:  6    Str: 27    XL:     9   Next: 3%
MP:   12/12         EV: 11    Int: 13    God:    Uskayaw [***...]
Gold: 177           SH:  0    Dex: 12    Spells: 11/12 levels left

rFire   . . .        r - +4 war axe
rCold   . . .        (no shield)
rNeg    . . .        f - +0 ring mail
rPois   .            (helmet unavailable)
rElec   .            g - +0 cloak
rCorr   .            (no gloves)
SInv    +            (no boots)
Will    .....        (no amulet)
Stlth   +            E - +6 ring of strength
HPRegen 0.29/turn    (no ring)
MPRegen 0.13/turn

%: no passive effects
@: heavily drained
A: permanent stasis, dig shafts and tunnels, antennae 3, four strong arms
a: Dig, Shaft Self, Renounce Religion, Stomp, Line Pass


You were on level 7 of the Dungeon.
You worshipped Uskayaw.
Uskayaw was noncommittal.
You visited 2 branches of the dungeon, and saw 8 of its levels.

You collected 320 gold pieces.
You spent 143 gold pieces at shops.

Inventory:

Hand Weapons
 r - a +4 war axe (weapon)
Missiles
 i - 6 javelins
 u - 19 poisoned darts
 G - 2 silver boomerangs
Armour
 b - a +0 leather armour
 f - a +0 ring mail (worn)
 g - a +0 cloak (worn)
 q - the +9 chain mail of the Lachrymose Raven {rC++ Will-}
   (You found it on level 2 of the Dungeon)

   rC:        It greatly protects you from cold.
   Will:      It decreases your willpower.
 D - a +0 plate armour
Jewellery
 E - a +6 ring of strength (left hand)
Wands
 x - a wand of charming (6)
 y - a wand of mindburst (10)
Scrolls
 c - 2 scrolls of teleportation {unknown}
 d - 8 scrolls of identify {unknown}
 k - 3 scrolls of amnesia {unknown}
 n - 2 scrolls of fog {unknown}
 s - 5 scrolls of vulnerability {unknown}
 B - 2 scrolls of enchant weapon {unknown}
 C - a scroll of fear {unknown}
 F - a scroll of silence {unknown}
Potions
 a - 2 potions of attraction {unknown}
 e - 2 potions of flight {unknown}
 h - a potion of might {unknown}
 j - 3 potions of curing
 l - 3 potions of heal wounds
 m - 2 potions of haste {unknown}
 o - 4 potions of brilliance {unknown}
 p - 3 potions of resistance {unknown}
 t - 3 potions of berserk rage
 v - a potion of invisibility {unknown}
 w - a potion of degeneration {unknown}
 z - a potion of lignification {unknown}
 A - a potion of mutation {unknown}
 H - a potion of cancellation {unknown}


   Skills:
 - Level 4.0 Fighting
 * Level 10.5 Axes
 - Level 1.7 Dodging
 - Level 2.1 Spellcasting
 - Level 2.6 Conjurations


You had 11 spell levels left.
You knew the following spells:

 Your Spells              Type           Power      Damage    Failure   Level
a - Kiss of Death         Conj/Necr      16%        2d6       22%         1

Your spell library contained the following spells:

 Spells                   Type           Power      Damage    Failure   Level
 Momentum Strike          Conj/Tloc      8%         3d8       32%         2
 Apportation              Tloc           2%         N/A       36%         1
 Necrotise                Necr           4%         1d4       36%         1
 Summon Small Mammal      Summ           4%         N/A       36%         1
 Hailstorm                Conj/Ice       4%         3d4       54%         3
 Vampiric Draining        Necr           1%         2d6       75%         3
 Agony                    Necr           1%         N/A       100%        5


Dungeon Overview and Level Annotations

Branches:
Dungeon (7/15)             Temple (1/1) D:4

Altars:
Cheibriados
Dithmenos
Hepliaklqana
Kikubaaqudgha
Nemelex Xobeh
Sif Muna
Trog
Uskayaw
Vehumet
Wu Jian
Xom
Yredelemnul
Zin
The Shining One

Shops:
D:6 !

Annotations:
D:5 2 transporters, Persephone's ghost, novice MiFi
D:7 Joseph


Innate Abilities, Weirdness & Mutations

You cannot be hasted, slowed, berserked, paralysed or teleported.
You can dig through walls and to a lower floor.
You have a pair of large antennae on your head. (SInv)
Your four strong arms can wield two-handed weapons with a shield.


Message History

You slash the orc priest!
You kill the orc priest!
You barely miss the orc. The orc misses you.
You can now pass through a line of other dancers.
You have reached level 9!
Your experience leads to an increase in your attributes!
Your base attributes are Str 19, Int 13, Dex 12.
Increase (S)trength, (I)ntelligence, or (D)exterity?
You feel stronger. x2
You barely miss the orc.
The orc priest invokes the aid of Beogh against you.
Pain shoots through your body! The orc hits you but does no damage.
You slash the orc!
You kill the orc!
Joseph, a Mercenary comes into view.
He is wielding a +0 quarterstaff and wearing a +3 ring mail of cold resistance.
You slash the orc priest!
The orc priest is almost dead.
The orc priest calls down the wrath of Beogh upon you.
You resist with significant effort.
You barely miss the orc priest. Your punch misses the orc priest.
The orc priest is almost dead.
The orc priest looks satisfied for a moment.
You barely miss the orc priest.
The orc priest is almost dead.
The orc priest hits you but does no damage.
You slice the orc priest!!
You kill the orc priest!
Joseph unwields a +0 quarterstaff.
Joseph wields a +2 sling of draining.
You sense an unholy aura.
Joseph shoots a sling bullet.
The sling bullet misses you.
Uskayaw will force your foes to helplessly watch your dance.
Uskayaw prepares the audience for your solo!
Joseph is no longer paralysed.
Joseph shoots a sling bullet.
The sling bullet hits you!!
You feel drained.
Joseph shoots a sling bullet.
The sling bullet hits you!
You feel drained.
* * * LOW HITPOINT WARNING * * *
Joseph shoots a sling bullet.
The sling bullet hits you!
* * * LOW HITPOINT WARNING * * *
You feel drained.
You die...

~.............#.##.
PP.........@..# ~~
~P..........### #~~
~.......##.)## ~♣~
P.......##)..# ♣♣~~
........##..)#
............#♣ {
..........#..♣
..........#.@♣ { {
...#.........♣
.##..........♣ {
.............♣
..............♣
...............
.........##
..#.....##


You could see Joseph.

Vanquished Creatures
  A black bear (D:6)
  An orc warrior (D:6)
  An ogre (D:4)
  A centaur (D:6)
  Blork the orc (D:5)
  3 scorpions
  4 wights (D:6)
  3 orc priests
  A jelly (D:6)
  A sleepcap (D:6)
  4 hounds
  2 iguanas
  An orc wizard (D:6)
  8 gnolls
  11 adders
  2 white imps
  4 dart slugs
  11 orcs
  9 bats
  8 endoplasms
  2 giant cockroaches
  6 goblins
  3 hobgoblins
  4 jackals
  7 quokkas
  6 ball pythons
  4 frilled lizards
  8 kobolds
  6 rats
123 creatures vanquished.

Notes
Turn   | Place    | Note
-------+----------+-------------------------------------------
     0 | D:1      | sasquatch the Formicid Reaver began the quest for the Orb.
     0 | D:1      | Reached XP level 1. HP: 16/16 MP: 3/3
   134 | D:1      | Reached XP level 2. HP: 21/23 MP: 5/5
   435 | D:1      | Reached XP level 3. HP: 28/28 MP: 6/6
   667 | D:2      | Found a faded altar of an unknown god.
   749 | D:2      | Reached skill level 4 in Axes
   811 | D:2      | Identified the +9 chain mail of the Lachrymose Raven {rC++
                  | Will-}
  1338 | D:2      | Reached XP level 4. HP: 13/35 MP: 7/7
  1340 | D:2      | You fall into a shaft and drop 2 floors!
  1846 | D:3      | Reached XP level 5. HP: 24/41 MP: 8/8
  1852 | D:3      | Reached skill level 5 in Axes
  2531 | D:2      | Reached XP level 6. HP: 48/48 MP: 9/9
  3103 | D:4      | Found a staircase to the Ecumenical Temple.
  3103 | D:4      | Noticed an ogre
  3110 | D:4      | Killed an ogre
  3111 | D:4      | Reached skill level 6 in Axes
  3207 | Temple   | Entered the Ecumenical Temple
  3301 | Temple   | Became a worshipper of Uskayaw the Reveller
  3434 | D:4      | Reached * piety under Uskayaw
  3459 | D:4      | Reached ** piety under Uskayaw
  3460 | D:4      | Reached XP level 7. HP: 52/54 MP: 10/10
  3568 | D:5      | Entered Level 5 of the Dungeon
  3571 | D:5      | Noticed Blork the orc
  3586 | D:5      | Killed Blork the orc
  3587 | D:5      | Reached skill level 7 in Axes
  3819 | D:5      | Noticed Persephone's ghost (novice MiFi)
  3821 | D:5      | Found a transporter.
  3860 | D:5      | Found a transporter.
  4123 | D:6      | Reached *** piety under Uskayaw
  4125 | D:6      | Reached skill level 8 in Axes
  4222 | D:6      | Reached XP level 8. HP: 60/60 MP: 11/11
  4228 | D:6      | Reached **** piety under Uskayaw
  4319 | D:6      | Reached skill level 9 in Axes
  4340 | D:6      | Reached skill level 10 in Axes
  4340 | D:6      | Reached ***** piety under Uskayaw
  4972 | D:6      | Found Xenitwuwn's Distillery.
  5081 | D:6      | Bought a potion of curing for 33 gold pieces
  5081 | D:6      | Bought 2 potions of heal wounds for 110 gold pieces
  5373 | D:7      | Reached XP level 9. HP: 64/65 MP: 12/12
  5375 | D:7      | Noticed Joseph
  5383 | D:7      | HP: 2/60 [Joseph/sling bullet (16)]
  5383 | D:7      | Shot with a sling bullet by Joseph

Illustrated notes

Levels and vault maps discovered:
D:1:      dpeg_arrival_rooms_with_view, layout_basic, st_stairs_7,
          wad_floor_pattern_1
D:2:      minmay_razor_zed, layout_basic, serial_forest,
          infiniplex_forest_corner_1, infiniplex_forest_lined_ring,
          infiniplex_forest_clump_medium, infiniplex_forest_straight_2,
          infiniplex_forest_lined_2, infiniplex_forest_lined_1,
          infiniplex_forest_lined_3_way, infiniplex_forest_straight_4,
          chequers_ecumenical_altar_simple_redux, hangedman_abyss_or_decor_stabs
D:3:      layout_basic
D:4:      layout_loops_ring, temple_statues
D:5:      layout_rooms, gammafunk_ghost_arena, uniq_blork_the_orc
D:6:      layout_rooms, nicolae_inconvenience_store
D:7:      layout_cave_pools, serial_bayou, serial_bayou_pond_e,
          serial_bayou_ford_a, serial_bayou_pond_b, serial_bayou_pond_b,
          uniq_menkaure, uniq_joseph, uniq_prince_ribbit1,
          uniq_crazy_yiuf_cottage
Temple:   compressed_dpeg_circular_temple

Skill      XL: |  1  2  3  4  5  6  7  8 |
---------------+-------------------------+-----
Axes           | 4 5 6 8 10 | 10.5
Fighting       | 3 4 |  4.0
Dodging        | |  1.7
Spellcasting   | |  2.1
Conjurations   | |  2.6

Action                     |  1- 3 |  4- 6 |  7- 9 || total
---------------------------+-------+-------+-------++-------
  Melee: Hand axe          |    95 |     6 |       ||   101
         Punch             |     1 |       |     1 ||     2
         War axe           |       |   107 |    78 ||   185
  Throw: Dart              |       |     6 |       ||     6
         Javelin           |       |     1 |       ||     1
Ability: Shaft Self        |       |     1 |       ||     1
  Evoke: Wand              |       |     1 |       ||     1
   Stab: Paralysed         |       |       |     4 ||     4
 Armour: Leather armour    |    11 |       |       ||    11
         Ring mail         |    28 |    47 |    30 ||   105
  Dodge: Dodged            |    58 |    70 |    46 ||   174
